 Dungeon Crawl Stone Soup version 0.17-a0-1210-g1e4f09d (webtiles) character file.

48 Sommunist the Charmwright (level 3, 0/24 HPs)
             Began as a High Elf Skald on June 4, 2015.
             Slain by a jackal (3 damage)
             ... on level 2 of the Dungeon.
             The game lasted 00:06:43 (1325 turns).

Sommunist the Charmwright (High Elf Skald)          Turns: 1325, Time: 00:06:43

Health: 0/24       AC:  3    Str: 11    XL:     3   Next: 50%
Magic:  1/7        EV: 11    Int: 15    God:
Gold:   72         SH:  0    Dex: 16    Spells: 2 memorised, 4 levels left

rFire  . . .     SeeInvis +     a - +0 short sword
rCold  . . .     Clarity  .     b - +0 leather armour
rNeg   . . .     SustAt   .     (no shield)
rPois  .         Gourm    .     (no helmet)
rElec  .         Spirit   .     (no cloak)
rCorr  .         Warding  .     (no gloves)
rMut   .         Stasis   .     (no boots)
MR     .....                    (no amulet)
Stlth  +.........               (no ring)
                                l - ring of see invisible

@: not resistant to hostile enchantments, very unstealthy
A: no striking features
a: no special abilities


You were on level 2 of the Dungeon.
You were not hungry.

You visited 1 branch of the dungeon, and saw 2 of its levels.

You collected 72 gold pieces.

Inventory:

Hand weapons
 a - a +0 short sword (weapon)
Armour
 b - a +0 leather armour (worn)
Jewellery
 l - a ring of see invisible (left hand)
Scrolls
 g - a scroll of magic mapping {unknown}
 h - a scroll of noise {unknown}
 i - a scroll of identify {unknown}
 j - 2 scrolls of remove curse {unknown}
 k - a scroll of blinking {unknown}
 o - a scroll of fog {unknown}
Potions
 e - 3 potions of invisibility {unknown}
 m - a potion of brilliance {unknown}
Books
 c - a book of Battle

   Spells                             Type                      Level
   a - Infusion                       Charms                       1
   b - Shroud of Golubria             Charms/Translocation         2
   c - Song of Slaying                Charms                       2
   d - Spectral Weapon                Hexes/Charms                 3
   e - Regeneration                   Charms/Necromancy            3
Comestibles
 d - 2 bread rations
 f - 4 chunks of flesh
 n - a royal jelly


   Skills:
 + Level 2.0 Fighting
 * Level 3.2 Short Blades
 - Level 0.8 Armour
 + Level 1.4 Dodging
 + Level 2.5 Spellcasting
 * Level 4.7 Charms


You had 4 spell levels left.
You knew the following spells:

 Your Spells              Type           Power        Failure   Level  Hunger
a - Infusion              Chrm           ###...       4%          1    #......
b - Shroud of Golubria    Chrm/Tloc      #.........   17%         2    ###....


Dungeon Overview and Level Annotations

Branches:
Dungeon (2/15)

Altars:
Okawaru
Zin


Message History

The jackal is severely wounded.
The jackal bites you but does no damage.
The jackal bites you.
* * * LOW HITPOINT WARNING * * *
The jackal bites you.
* * * LOW HITPOINT WARNING * * *
You see here a jackal corpse.
The jackal misses you.
You closely miss the jackal. The jackal bites you.
* * * LOW HITPOINT WARNING * * *
You hit the jackal but do no damage.
The jackal is severely wounded.
You hit the jackal.
The jackal is severely wounded.
The jackal bites you but does no damage.
The jackal misses you.
You hit the jackal.
The jackal is almost dead.
The jackal bites you.
You die...

######### #.......#
#.......# #.......#
#.......# # #(......#
?# #.......#### ..#
#######.......@hh##...#
#.............##....#
#.#.##........####†...#
#.............# #.#...#
#..####.####..# .# #..
#..##.....##..# # #..
#..#.......#.## #.##
#..#.......#.# ...
#......_.....# #.##.##


You could see 2 jackals.

Vanquished Creatures
  A worm (D:2)
  4 bats
  4 giant cockroaches (D:1)
  9 goblins
  5 hobgoblins
  2 jackals (D:2)
  7 kobolds
  A giant gecko (D:1)
  4 giant newts
  6 rats
43 creatures vanquished.

Notes
Turn   | Place    | Note
--------------------------------------------------------------
     0 | D:1      | Sommunist the High Elf Skald began the quest for the Orb.
     0 | D:1      | Reached XP level 1. HP: 14/14 MP: 4/4
   174 | D:1      | Reached skill level 4 in Charms
   266 | D:1      | Reached XP level 2. HP: 13/19 MP: 3/6
   270 | D:1      | Learned a level 2 spell: Shroud of Golubria
   524 | D:1      | Found an iron altar of Okawaru.
   916 | D:1      | Reached XP level 3. HP: 18/24 MP: 1/7
  1271 | D:2      | Found a glowing silver altar of Zin.
  1325 | D:2      | Slain by a jackal

Vault maps used:
D:1:      erik_arrival_cave_to_civilisation, okawaru_ov_weapons_minmay
D:2:      old_standard_altar

Action                   || total
-------------------------++-------
Melee: Short sword       ||   141
 Cast: Infusion          ||    15
       Shroud of Golubri ||     3
  Eat: Chunk             ||     2
